 Dungeon Sprint DCSS version 0.29-a0-542-g075992c915 (webtiles) character file.

Game seed: 14508536994249865224

1746 rocky1 the Nimble (level 9, -6/109 HPs)
             Began as a Djinni Gladiator on June 4, 2022.
             Was an Initiate of Ashenzari.
             Killed from afar by a molten gargoyle (18 damage)
             ... with a bolt of magma
             ... in the Dungeon (Sprint VII: "The Pits").
             The game lasted 00:05:03 (1750 turns).

rocky1 the Nimble (Djinni Gladiator)                Turns: 1750, Time: 00:05:03

Health: -6/109     AC: 12    Str: 13    XL:     9   Next: 26%
Gold:   0          EV: 13    Int: 15    God:    Ashenzari [......] SH:  0 Dex: 14

rFire   + + .      SeeInvis .   g - +2 long sword (flame)
rCold   x . .      Faith    .   (no shield)
rNeg    . . .      Spirit   .   n - +3 scale mail "Ensconced Submission" {Fort, Self} (curse)
rPois   ∞          Reflect  .   c - +0 helmet
rElec   .          Harm     .   (no cloak)
rCorr   .          Rampage  .   (no gloves)
Will    .....      NoTele   +   (boots unavailable)
Stlth   ..........              (no amulet)
HPRegen 0.28/turn               (no ring)
MPRegen 0.00/turn               (no ring)

@: berserking, flying, invisible, very quick
A: sickness immunity, fire resistance 2, cold vulnerability 1, float, innate
caster, HP casting, extra vitality 1
a: Renounce Religion, Shatter the Chains


You were in the Dungeon.
You worshipped Ashenzari.
Ashenzari was noncommittal.
You visited 1 branch

Inventory:

Hand Weapons
 a - a +4 great sword
 g - a +2 long sword of flaming (weapon)
Missiles
 d - 3 throwing nets (quivered)
 e - a javelin
Armour
 c - a +0 helmet (worn)
 n - the cursed +3 scale mail "Ensconced Submission" (worn) {Fort, Self}
   (You found it in the Dungeon)

   It has a curse which improves the following skills: Fortitude: Armour and
   Shields.
   Introspection: Fighting and Spellcasting.
Scrolls
 j - a scroll of blinking
 l - a scroll of summoning
Potions
 f - 6 potions of curing
 h - a potion of haste
 i - a potion of berserk rage
 k - a potion of invisibility
 m - 2 potions of heal wounds


   Skills:
 + Level 9.1(9.6) Fighting
 + Level 8.6 Long Blades
 - Level 1.5 Throwing
 + Level 8.9(9.3) Armour
 + Level 10.3 Dodging
 + Level 6.7(7.2) Spellcasting


You had 12 spell levels left.
You knew the following spells:

 Your Spells              Type           Power      Damage    Failure   Level
a - Necrotize             Necr           100%       1d9       2%          1
b - Static Discharge      Conj/Air       27%        N/A       3%          2
c - Spider Form           Tmut/Pois      27%        N/A       7%          3
d - Passage of Golubria   Tloc           27%        N/A       24%         4
Your spell library was empty.

Dungeon Overview and Level Annotations

Branches:
Dungeon (1/1)

Altars:
Ashenzari
Cheibriados
Dithmenos
Elyvilon
Fedhas
Gozag
Hepliaklqana
Kikubaaqudgha
Makhleb
Nemelex Xobeh
Okawaru
Qazlal
Ru
Sif Muna
Trog
Uskayaw
Vehumet
Wu Jian
Xom
Yredelemnul
Zin
The Shining One
Beogh
Jiyva
Lugonu


Innate Abilities, Weirdness & Mutations

You are immune to sickness and miasma.
You are immune to poison.
Your flesh is very heat resistant. (rF++)
You are vulnerable to cold. (rC-)
You float through the air rather than walking.
You learn spells naturally, not from books.
Your magical power is your life essence.
You have superior vitality. (+4 MHP)


Message History

The sun demon barely misses you. The sun demon hits you.
You are engulfed in flames.
You resist.
You catch the helpless sun demon completely off-guard!
You hit the sun demon.
The sun demon is moderately wounded.
The sun demon misses you.
You strike the helpless sun demon from behind!
You hit the sun demon but do no damage.
The sun demon is moderately wounded.
The sun demon hits you!!
* * * LOW HITPOINT WARNING * * *
You are engulfed in flames.
You resist.
* * * LOW HITPOINT WARNING * * *
You feel much better. The sun demon closely misses you.
Unknown command.
A red film seems to cover your vision as you go berserk!
You feel yourself moving faster!
You feel mighty! The sun demon barely misses you.
The molten gargoyle blasts magma at you!
The bolt of magma hits the sun demon!
The sun demon partially resists.
The bolt of magma misses you.
You slash the sun demon!
The sun demon is severely wounded.
The sun demon closely misses you.
You hit the sun demon but do no damage.
The sun demon is severely wounded.
The sun demon closely misses you.
You slash the sun demon!
The sun demon is almost dead.
The sun demon hits you!
* * * LOW HITPOINT WARNING * * *
You are engulfed in flames.
You resist.
* * * LOW HITPOINT WARNING * * *
You barely miss the sun demon.
The sun demon is almost dead.
You slice the sun demon!!
You kill the sun demon!
The molten gargoyle blasts magma at you!
The bolt of magma hits you!! You partially resist.
You die...

#.#..÷.....##.......#
#.#........##.......#
#.#####'#####...<...#
#)#....))[.##.......#
#)#...)))[.##.......#
#)###########.......#
#.......#..##########
#..###..#.# ###
#.......#@# ...#
##.###.##)#....#
#.......#9'....+
#..###..#'#....#
#.......).#....#
########### ####


You could see a molten gargoyle (can't see you).

Vanquished Creatures
  A death yak (D)
  A sun demon (D)
  A floating eye (D)
  An orc warrior (D)
  A black bear (D)
  An ogre (D)
  A kobold brigand (D)
  A bullfrog (D)
  10 wights (D)
  2 orc priests (D)
  An iron imp (D)
  An orc wizard (D)
  An adder (D)
  An ufetubus (D)
  An adder skeleton (D)
  6 orcs (D)
  A bat (D)
  A bat skeleton (D)
  2 endoplasms (D)
  A hobgoblin (D)
36 creatures vanquished.

Notes
Turn   | Place    | Note
-------+----------+-------------------------------------------
     0 | D        | rocky1 the Djinni Gladiator began the quest for the Orb.
     0 | D        | Reached XP level 1. HP: 18/18 MP: 0/0
    21 | D        | Found a bloodstained altar of Trog.
    21 | D        | Found a viscous altar of Jiyva.
    21 | D        | Found a hazy altar of Hepliaklqana.
    21 | D        | Found an opulent altar of Gozag.
    22 | D        | Found a glowing golden altar of the Shining One.
    22 | D        | Found a glowing silver altar of Zin.
    22 | D        | Found a basalt altar of Yredelemnul.
    22 | D        | Found a shimmering altar of Xom.
    22 | D        | Found an ornate altar of the Wu Jian Council.
    22 | D        | Found a sacrificial altar of Ru.
    22 | D        | Found a stormy altar of Qazlal.
    22 | D        | Found an iron altar of Okawaru.
    22 | D        | Found a sparkling altar of Nemelex Xobeh.
    22 | D        | Found a burning altar of Makhleb.
    22 | D        | Found a blossoming altar of Fedhas.
    22 | D        | Found a white marble altar of Elyvilon.
    22 | D        | Found a shadowy altar of Dithmenos.
    22 | D        | Found a snail-covered altar of Cheibriados.
    24 | D        | Found a corrupted altar of Lugonu.
    25 | D        | Found a hide-covered altar of Uskayaw.
    25 | D        | Found a broken altar of Ashenzari.
    35 | D        | Became a worshipper of Ashenzari the Shackled
    76 | D        | Noticed a floating eye
    80 | D        | Killed a floating eye
    81 | D        | Reached skill level 5 in Dodging
    81 | D        | Reached XP level 2. HP: 27/27 MP: 0/0
    81 | D        | Reached XP level 3. HP: 31/31 MP: 0/0
    81 | D        | Learned a level 1 spell: Necrotize
    81 | D        | Reached XP level 4. HP: 38/38 MP: 0/0
    81 | D        | Reached XP level 5. HP: 42/42 MP: 0/0
    81 | D        | Learned a level 2 spell: Static Discharge
   197 | D        | Reached skill level 6 in Dodging
   202 | D        | Reached skill level 5 in Fighting
   202 | D        | Reached skill level 5 in Long Blades
   215 | D        | Reached XP level 6. HP: 18/49 MP: 0/0
   565 | D        | Reached skill level 5 in Armour
   570 | D        | Reached skill level 7 in Dodging
   724 | D        | Reached XP level 7. HP: 54/58 MP: 0/0
   724 | D        | Learned a level 3 spell: Spider Form
   735 | D        | Reached skill level 8 in Dodging
   747 | D        | Reached skill level 5 in Spellcasting
   987 | D        | Reached XP level 8. HP: 54/65 MP: 0/0
  1091 | D        | Reached skill level 9 in Dodging
  1214 | D        | Noticed a death yak
  1224 | D        | Killed a death yak
  1225 | D        | Reached skill level 10 in Dodging
  1225 | D        | Reached XP level 9. HP: 24/73 MP: 0/0
  1225 | D        | Learned a level 4 spell: Passage of Golubria
  1728 | D        | Noticed a sun demon
  1728 | D        | Noticed a molten gargoyle
  1743 | D        | HP: 3/73 [sun demon (5)]
  1750 | D        | Killed a sun demon
  1750 | D        | Killed from afar by a molten gargoyle

Illustrated notes

Levels and vault maps discovered:
D:        pitsprint [storerooms_1, entrance_room_1, metal_vault_7, armoury_2,
          mini_pit_1, grid_room_1, main_hall_1, silver_pit, the_coven_1,
          the_vestibule_1, steel_vault_1, golden_pit, hallway_of_sentries,
          crystal_vault_2, iron_vault_3, final_vault]

Skill      XL: |  1  2  3  4  5  6  7  8 |
---------------+-------------------------+-----
Fighting       | 4 5 6 7 9 |  9.1
Long Blades    | 4 5 6 7 8 |  8.6
Armour         | 3 4 6 7 8 |  8.9
Dodging        | 5 6 7 8 10 | 10.3
Spellcasting   | 2 3 4 5 6 |  6.7
Throwing       | |  1.5

Action                   |  1- 3 |  4- 6 |  7- 9 || total
-------------------------+-------+-------+-------++-------
Melee: Long sword        |     5 |    55 |   100 ||   160
       Punch             |       |       |     1 ||     1
 Cast: Static Discharge  |       |     8 |       ||     8
       Necrotize         |       |     1 |       ||     1
Invok: Curse Item        |       |     1 |       ||     1
  Use: Potion            |       |     1 |     6 ||     7
 Stab: Invisible         |       |       |     4 ||     4
Armor: Leather armour    |       |    15 |       ||    15
       Scale mail        |       |     8 |    35 ||    43
Dodge: Dodged            |     1 |    54 |    57 ||   112

Table legend: (Time is in decaauts)
 A = Elapsed time spent in this place.
 B = Non-inter-level travel time spent in this place.
 C = Inter-level travel time spent in this place.
 D = Time resting spent in this place.
 E = Time spent auto-exploring this place.
 F = Levels seen in this place.
 G = Mean time per level.
                   A        B        C        D        E       F      G
               +--------+--------+--------+--------+--------+-----+--------+
         Total |   1768 |   1768 |      0 |   1358 |      0 |   1 | 1768.0 |
       Dungeon |   1768 |   1768 |      0 |   1358 |      0 |   1 | 1768.0 |
               +--------+--------+--------+--------+--------+-----+--------+

Top non-repeatable levels by time:
       D: 1768 daAuts
